 Dungeon Crawl Stone Soup version 0.20-a0-700-gbd4582c (webtiles) character file.

77 Alarkh the Magician (level 4, -5/30 HPs)
             Began as a Mummy Ice Elementalist on Feb 20, 2017.
             Slain by an ogre
             ... wielding a +0 giant club
              (25 damage)
             ... on level 3 of the Dungeon.
             The game lasted 00:03:31 (2460 turns).

Alarkh the Magician (Mummy Ice Elementalist)        Turns: 2460, Time: 00:03:33

Health: -5/30      AC:  4    Str: 11    XL:     4   Next: 13%
Magic:  7/10       EV: 12    Int: 15    God:
Gold:   87         SH:  0    Dex: 12    Spells: 8/11 levels left

rFire    x . .     SeeInvis .   d - +0 dagger
rCold    + . .     Gourm    .   a - +0 robe
rNeg     + + +     Faith    .   (no shield)
rPois    ∞         Spirit   .   f - +0 helmet
rElec    .         Reflect  .   h - +0 cloak
rCorr    .         Harm     .   (no gloves)
MR       .....                  (no boots)
Stlth    ++........             (no amulet)
Regen    0.1/turn               (no ring)
MPRegen  0.2/turn               (no ring)

@: no status effects
A: no food or potions, fire vulnerability, cold resistance 1, negative energy
resistance 3, torment resistance, unbreathing
a: no special abilities


You were on level 3 of the Dungeon.
You were not hungry.

You visited 1 branch of the dungeon, and saw 3 of its levels.

You collected 87 gold pieces.

Inventory:

Hand Weapons
 d - a +0 dagger (weapon)
Armour
 a - a +0 robe (worn)
 f - a +0 helmet (worn)
 h - a +0 cloak (worn)
Scrolls
 c - a scroll of recharging
 e - 2 scrolls of identify
 g - a scroll of enchant armour
Books
 b - a book of Frost

   Spells                             Type                      Level
   a - Freeze                         Ice                          1
   b - Throw Frost                    Conjuration/Ice              2
   c - Ozocubu's Armour               Charms/Ice                   3
   d - Throw Icicle                   Conjuration/Ice              4
   e - Summon Ice Beast               Ice/Summoning                4
 i - a book of Necromancy

   Spells                             Type                      Level
   a - Pain                           Necromancy                   1
   b - Animate Skeleton               Necromancy                   1
   c - Vampiric Draining              Necromancy                   3
   d - Regeneration                   Charms/Necromancy            3
   e - Animate Dead                   Necromancy                   4
   f - Control Undead                 Necromancy                   4


   Skills:
 - Level 1.5 Dodging
 - Level 1.5 Stealth
 + Level 4.0 Spellcasting
 - Level 0.7 Conjurations
 + Level 3.5 Ice Magic


You had 8 spell levels left.
You knew the following spells:

 Your Spells              Type           Power        Failure   Level  Hunger
a - Freeze                Ice            ##..         4%          1    N/A
b - Throw Frost           Conj/Ice       #.....       12%         2    N/A

Dungeon Overview and Level Annotations

Branches:
Dungeon (3/15)

Altars:
Ashenzari
Cheibriados

Annotations:
D:3 Sigmund


Innate Abilities, Weirdness & Mutations

You do not eat or drink.
Your flesh is vulnerable to fire.
You are immune to poison.
Your flesh is cold resistant. (rC+)
You are immune to negative energy. (rN+++)
You are immune to unholy pain and torment.
You can survive without breathing.


Message History

Press: ? - help, Shift-Dir - straight line, f/p - quokka
Aim: a quokka (moderately wounded)
You freeze the quokka.
You kill the quokka!
You start resting.
Sigmund the Dreaded comes into view.
He is wielding a scythe.
Sigmund is nearby!
You see here a mace.
The ogre shouts!
An ogre is nearby!
Casting: Freeze
Confirm with . or Enter, or press ? or * to list all spells.
Aiming: Freeze
Press: ? - help, Shift-Dir - straight line, f - ogre
Aim: an ogre, wielding a giant club You freeze the ogre.
The ogre is lightly wounded.
The ogre hits you with a giant club!!
Ouch! That really hurt!
You die...

#)# # ##.
#.# #.. #.#
#.. #.# #..
#.# .###..
#.# ......
#.# ......
#####.#
###.#
#.O@..# #.#
#.##### #.#
#.# #..
.#####.###
.. #.#
#.O.......#
#.# #..
#######.#.#
#.###.###..
#.#.#
#..........
#.#.#
#..##.###(†
#.#.# #..#
.....


You could see an ogre.

Vanquished Creatures
  An adder (D:2)
  An ooze (D:1)
  3 worms (D:2)
  3 dart slugs
  2 leopard geckos
  An orc (D:3)
  5 bats
  5 giant cockroaches
  5 goblins
  3 hobgoblins (D:1)
  2 quokkas
  A ball python (D:2)
  4 frilled lizards
  5 kobolds
  7 rats
48 creatures vanquished.

Notes
Turn   | Place    | Note
-------+----------+-------------------------------------------
     0 | D:1      | Alarkh the Mummy Ice Elementalist began the quest for the Orb.
     0 | D:1      | Reached XP level 1. HP: 13/13 MP: 4/4
   150 | D:1      | Reached skill level 3 in Spellcasting
   150 | D:1      | Reached XP level 2. HP: 13/19 MP: 0/6
   920 | D:2      | Reached XP level 3. HP: 21/24 MP: 6/8
  1539 | D:2      | Reached skill level 4 in Spellcasting
  1980 | D:3      | Noticed an ogre
  1986 | D:3      | Found a shattered altar of Ashenzari.
  1986 | D:3      | Found a snail-covered altar of Cheibriados.
  2258 | D:3      | Learned a level 2 spell: Throw Frost
  2262 | D:3      | Reached XP level 4. HP: 27/30 MP: 7/10
  2450 | D:3      | Noticed Sigmund
  2460 | D:3      | Slain by an ogre

Vault maps used:
D:1:      dpeg_arrival_boxorama, minmay_misc_feat_encased
D:2:      nicolae_overflow_hidden_temple, serial_forest,
          infiniplex_forest_lined_3, infiniplex_forest_straight_3,
          infiniplex_forest_clump_cross, infiniplex_forest_clump_long,
          infiniplex_forest_lined_2, infiniplex_forest_clump_diagonal
D:3:      gammafunk_temple_overflow_elements, uniq_sigmund

Skill      XL: |  1  2  3 |
---------------+----------+-----
Spellcasting   | 3 4 |  4.0
Ice Magic      | 3 |  3.5
Dodging        | |  1.5
Stealth        | |  1.5
Conjurations   | |  0.7

Action                   |  1- 3 |  4- 6 || total
-------------------------+-------+-------++-------
Melee: Unarmed           |    12 |       ||    12
       Dagger            |    30 |     9 ||    39
 Cast: Freeze            |    77 |    14 ||    91
  Use: Scroll            |     4 |       ||     4
 Stab: Sleeping          |     4 |       ||     4
Armor: Robe              |    24 |     4 ||    28
Dodge: Dodged            |    66 |    12 ||    78
